 Dungeon Crawl Stone Soup version 0.29.0-4-gdea44cf6ec (webtiles) character file.

Game seed: 1374940880238641741

37 qw the Caller (level 3, 0/29 HPs)
             Began as a Ghoul Summoner on Sept 9, 2022.
             Slain by a gnoll
             ... wielding a +0 spear
              (3 damage)
             ... on level 3 of the Dungeon.
             The game lasted 00:00:59 (2787 turns).

qw the Caller (Ghoul Summoner)                      Turns: 2787, Time: 00:00:59

Health: 0/29       AC:  8    Str: 13    XL:     3   Next: 41%
Magic:  1/4        EV: 11    Int: 10    God:
Gold:   44         SH:  0    Dex:  9    Spells: 4/5 levels left

rFire   . . .      SeeInvis .   Y - +1 hand axe
rCold   + . .      Faith    .   (no shield)
rNeg    + + +      Spirit   .   c - +0 leather armour
rPois   inf        Reflect  .   (no helmet)
rElec   .          Harm     .   (no cloak)
rCorr   .          Rampage  .   l - +0 pair of gloves
Will    .....                   (no boots)
Stlth   +.........              (no amulet)
HPRegen 0.00/turn               e - +4 ring of protection
MPRegen 0.09/turn               (no ring)

@: inhibited regen
A: claws 1, cold resistance 1, negative energy resistance 3, inhibited
regeneration, torment resistance 2, devour on kill
a: no special abilities


You were on level 3 of the Dungeon.
You visited 1 branch of the dungeon, and saw 3 of its levels.

You collected 84 gold pieces.
You spent 40 gold pieces at shops.


Innate Abilities, Weirdness & Mutations

You are immune to poison.
You have sharp fingernails.
Your flesh is cold resistant. (rC+)
You are immune to negative energy. (rN+++)
You do not regenerate when monsters are visible.
You are immune to unholy pain and torment.
You thrive by killing the living.


   Skills:
 + Level 1.8 Fighting
 - Level 2.0 Axes
 - Level 1.7 Dodging
 - Level 2.1 Stealth
 - Level 1.7 Spellcasting
 - Level 3.6 Summonings


You had 4 spell levels left.
You knew the following spells:

 Your Spells              Type           Power      Damage    Failure   Level
a - Summon Small Mammal   Summ           32%        N/A       10%         1

Your spell library contained the following spells:

 Spells                   Type           Power      Damage    Failure   Level
 Call Imp                 Summ           8%         N/A       14%         2
 Call Canine Familiar     Summ           8%         N/A       28%         3
 Summon Guardian Golem    Hex/Summ       4%         N/A       52%         3
 Summon Lightning Spire   Summ/Air       4%         N/A       89%         4

Inventory:

Hand Weapons
 a - a +0 whip
 Y - a +1 hand axe (weapon)
Armour
 c - a +0 leather armour (worn)
 f - a +0 chain mail
 l - a +0 pair of gloves (worn)
Jewellery
 e - a +4 ring of protection (left hand)
 h - an amulet of regeneration
Scrolls
 b - 2 scrolls of identify
 g - a scroll of poison {unknown}
 i - a scroll of silence {unknown}
Potions
 d - a potion of flight {unknown}
 k - a potion of berserk rage {unknown}

Dungeon Overview and Level Annotations

Branches:
Dungeon (3/15)

Altars:
Xom

Shops:
D:2 ?


Message History

The orc is heavily wounded.
The orc hits you with a +0 whip.
The gnoll hits you from afar with a +1 vampiric spear.
You hit the orc.
The orc is almost dead.
The orc closely misses you.
The gnoll hits you from afar with a +1 vampiric spear.
Your magical contamination has completely faded away.
You closely miss the orc.
The orc is almost dead.
The orc closely misses you. The gnoll barely misses you.
You barely miss the orc.
The orc is almost dead.
The gnoll shouts!
The orc closely misses you. The gnoll closely misses you.
The orc hits you but does no damage. The gnoll hits you but does no damage.
You hit the orc.
You kill the orc!
You feel better. The gnoll hits you but does no damage.
2783 ||| CASTING Summon Small Mammal
Casting: Summon Small Mammal (safe; 10% risk of failure)
Confirm with . or Enter, or press ? or * to list all spells.
Your bat disappears in a puff of smoke!
You swap places.
The gnoll closely misses you. The gnoll hits you but does no damage.
Things that are here:
a +0 whip; a +0 scale mail You slash the gnoll!
The gnoll is severely wounded.
The gnoll hits you from afar with a +0 spear.
The gnoll barely misses you. The gnoll hits you with a +0 flail.
You hit the gnoll.
The gnoll is almost dead.
The gnoll misses you. The gnoll closely misses you.
The gnoll barely misses you.
You closely miss the gnoll.
The gnoll is almost dead.
The gnoll hits you from afar with a +1 vampiric spear.
The gnoll hits you from afar with a +0 spear.
You die...

#.........
#.........
#.........
#.........
#.......gg ##
#..g....g. #.
#.gg...... #. ##.#
#g# #. ...# #@# #.
#..# #r# #. #..#
#b###############.
#..#
#.#..............^
#..#
#.#.#############.
#%.#
#.#.##............
#####..#
#.#.#......:...)#.
#....).#
#.#.#..########.#.
#.#....#
#.#......# #.#.


You could see 4 gnolls, a friendly bat (summoned) and a friendly rat (summoned).

Vanquished Creatures
  A worm (D:3)
  3 orcs (D:3)
  A bat (D:1)
  An endoplasm (D:2)
  A giant cockroach (D:1)
  2 goblins (D:3)
  2 hobgoblins
  A quokka (D:3)
  3 ball pythons
  3 kobolds
  A rat (D:2)
19 creatures vanquished.

Vanquished Creatures (collateral kills)
  An orc (D:3)
  2 bats (D:1)
  A goblin (D:3)
  2 kobolds
  A ball python (D:2)
  2 frilled lizards
9 creatures vanquished.

Grand Total: 28 creatures vanquished

Notes
Turn   | Place    | Note
-------+----------+-------------------------------------------
     0 | D:1      | qw the Ghoul Summoner began the quest for the Orb.
     0 | D:1      | Reached XP level 1. HP: 14/14 MP: 2/2
     0 | D:1      | 0 ||| qw: Version: 0.1-a-113-g051387a
     0 | D:1      | 0 ||| qw: Game counter: 7339
     0 | D:1      | 0 ||| qw: Always use a shield: true
     0 | D:1      | 0 ||| qw: God list: Okawaru
     0 | D:1      | 0 ||| qw: Allow faded altars: false
     0 | D:1      | 0 ||| qw: Do Orc after D:15 true
     0 | D:1      | 0 ||| qw: Do second Lair branch before Depths: true
     0 | D:1      | 0 ||| qw: Lair rune preference: random
     0 | D:1      | 0 ||| qw: Plans: Normal
     0 | D:1      | 0 ||| PLANNING D:1-11
   121 | D:1      | 121 ||| CASTING Summon Small Mammal
   122 | D:1      | 122 ||| CASTING Summon Small Mammal
   150 | D:1      | 150 ||| CASTING Summon Small Mammal
   151 | D:1      | 151 ||| CASTING Summon Small Mammal
   163 | D:1      | 163 ||| CASTING Summon Small Mammal
   175 | D:1      | 175 ||| CASTING Summon Small Mammal
   204 | D:1      | 204 ||| Wielding weapon +0 dagger.
   247 | D:1      | 247 ||| CASTING Summon Small Mammal
   248 | D:1      | 248 ||| CASTING Summon Small Mammal
   258 | D:1      | Reached skill level 1 in Axes
   345 | D:1      | 345 ||| CASTING Summon Small Mammal
   346 | D:1      | 346 ||| CASTING Summon Small Mammal
   466 | D:1      | 466 ||| SWAPPING to +0 hand axe.
   467 | D:1      | 467 ||| DROPPING +0 dagger.
   565 | D:1      | 565 ||| CASTING Summon Small Mammal
   566 | D:1      | 566 ||| CASTING Summon Small Mammal
   577 | D:1      | 577 ||| CASTING Summon Small Mammal
   583 | D:1      | Reached XP level 2. HP: 21/22 MP: 0/3
   756 | D:1      | 756 ||| UPGRADING to +0 leather armour.
   766 | D:1      | 766 ||| DROPPING +0 robe.
   767 | D:1      | 767 ||| UPGRADING to +4 ring of protection.
   768 | D:1      | 768 ||| DROPPING potion of magic.
   824 | D:2      | 824 ||| CASTING Summon Small Mammal
   826 | D:2      | 826 ||| CASTING Summon Small Mammal
   827 | D:2      | 827 ||| CASTING Summon Small Mammal
   835 | D:2      | Reached skill level 1 in Fighting
   865 | D:2      | 865 ||| CASTING Summon Small Mammal
   866 | D:2      | 866 ||| CASTING Summon Small Mammal
   867 | D:2      | 867 ||| CASTING Summon Small Mammal
   910 | D:2      | 910 ||| CASTING Summon Small Mammal
   911 | D:2      | 911 ||| CASTING Summon Small Mammal
   912 | D:2      | 912 ||| CASTING Summon Small Mammal
   951 | D:2      | 951 ||| CASTING Summon Small Mammal
   952 | D:2      | 952 ||| CASTING Summon Small Mammal
   953 | D:2      | 953 ||| CASTING Summon Small Mammal
   990 | D:2      | 990 ||| DROPPING +0 club.
   993 | D:2      | 993 ||| CASTING Summon Small Mammal
   994 | D:2      | 994 ||| CASTING Summon Small Mammal
   995 | D:2      | 995 ||| CASTING Summon Small Mammal
  1007 | D:2      | 1007 ||| CASTING Summon Small Mammal
  1094 | D:2      | Found Iddoof's Magic Scroll Boutique.
  1100 | D:2      | 1100 ||| SHOPLISTING scroll of enchant armour (75 gold,
                  | have 46).
  1100 | D:2      | 1100 ||| BUYING scroll of identify (20 gold).
  1100 | D:2      | Bought a scroll of identify for 20 gold pieces
  1100 | D:2      | 1100 ||| BUYING scroll of identify (20 gold).
  1100 | D:2      | Bought a scroll of identify for 20 gold pieces
  1100 | D:2      | 1100 ||| SHOPLISTING scroll of teleportation (30 gold, have
                  | 6).
  1184 | D:2      | 1184 ||| CASTING Summon Small Mammal
  1185 | D:2      | 1185 ||| CASTING Summon Small Mammal
  1186 | D:2      | 1186 ||| CASTING Summon Small Mammal
  1199 | D:2      | 1199 ||| CASTING Summon Small Mammal
  1339 | D:2      | 1339 ||| CASTING Summon Small Mammal
  1340 | D:2      | 1340 ||| CASTING Summon Small Mammal
  1371 | D:2      | Found a shimmering altar of Xom.
  1492 | D:2      | 1492 ||| UPGRADING to +0 pair of gloves.
  1497 | D:2      | 1497 ||| READING scroll labelled RIVE YLEXOU.
  1498 | D:2      | 1498 ||| READING scroll labelled LIUBBEJ BEJ WID.
  1499 | D:2      | 1499 ||| READING scroll labelled CINLUD CUMATI.
  1500 | D:2      | 1500 ||| READING 3 scrolls of identify.
  1500 | D:2      | 1500 ||| IDENTIFYING bubbling sapphire potion
  1501 | D:2      | 1501 ||| READING 2 scrolls of identify.
  1501 | D:2      | 1501 ||| IDENTIFYING puce potion
  1502 | D:2      | 1502 ||| DROPPING potion of degeneration.
  1550 | D:3      | 1550 ||| CASTING Summon Small Mammal
  1551 | D:3      | 1551 ||| CASTING Summon Small Mammal
  1552 | D:3      | 1552 ||| CASTING Summon Small Mammal
  1742 | D:3      | 1742 ||| CASTING Summon Small Mammal
  1743 | D:3      | 1743 ||| CASTING Summon Small Mammal
  1744 | D:3      | 1744 ||| CASTING Summon Small Mammal
  1757 | D:3      | 1757 ||| CASTING Summon Small Mammal
  1773 | D:3      | HP: 1/23 [orc/+0 mace (6)]
  1774 | D:3      | 1774 ||| DRINKING potion of heal wounds.
  1817 | D:3      | 1817 ||| CASTING Summon Small Mammal
  1819 | D:3      | 1819 ||| CASTING Summon Small Mammal
  1820 | D:3      | 1820 ||| CASTING Summon Small Mammal
  1821 | D:3      | Reached XP level 3. HP: 28/28 MP: 0/4
  1892 | D:3      | 1892 ||| CASTING Summon Small Mammal
  1893 | D:3      | 1893 ||| CASTING Summon Small Mammal
  1894 | D:3      | 1894 ||| CASTING Summon Small Mammal
  1895 | D:3      | 1895 ||| CASTING Summon Small Mammal
  1943 | D:3      | 1943 ||| CASTING Summon Small Mammal
  1944 | D:3      | 1944 ||| CASTING Summon Small Mammal
  1945 | D:3      | 1945 ||| CASTING Summon Small Mammal
  1946 | D:3      | 1946 ||| CASTING Summon Small Mammal
  2044 | D:3      | 2044 ||| CASTING Summon Small Mammal
  2045 | D:3      | 2045 ||| CASTING Summon Small Mammal
  2046 | D:3      | 2046 ||| CASTING Summon Small Mammal
  2047 | D:3      | 2047 ||| CASTING Summon Small Mammal
  2055 | D:3      | 2055 ||| CASTING Summon Small Mammal
  2114 | D:3      | 2114 ||| CASTING Summon Small Mammal
  2115 | D:3      | 2115 ||| CASTING Summon Small Mammal
  2116 | D:3      | 2116 ||| CASTING Summon Small Mammal
  2117 | D:3      | 2117 ||| CASTING Summon Small Mammal
  2187 | D:3      | 2187 ||| CASTING Summon Small Mammal
  2188 | D:3      | 2188 ||| CASTING Summon Small Mammal
  2189 | D:3      | 2189 ||| CASTING Summon Small Mammal
  2191 | D:3      | 2191 ||| CASTING Summon Small Mammal
  2309 | D:3      | 2309 ||| CASTING Summon Small Mammal
  2310 | D:3      | 2310 ||| CASTING Summon Small Mammal
  2311 | D:3      | 2311 ||| CASTING Summon Small Mammal
  2312 | D:3      | 2312 ||| CASTING Summon Small Mammal
  2428 | D:3      | 2428 ||| CASTING Summon Small Mammal
  2429 | D:3      | 2429 ||| CASTING Summon Small Mammal
  2514 | D:3      | Found a faded altar of an unknown god.
  2764 | D:3      | 2764 ||| Stepping ~*~*~tactically~*~*~ (stealth).
  2765 | D:3      | 2765 ||| CASTING Summon Small Mammal
  2766 | D:3      | 2766 ||| Stepping ~*~*~tactically~*~*~ (hiding).
  2770 | D:3      | 2770 ||| Stepping ~*~*~tactically~*~*~ (hiding).
  2771 | D:3      | 2771 ||| CASTING Summon Small Mammal
  2772 | D:3      | 2772 ||| CASTING Summon Small Mammal
  2773 | D:3      | 2773 ||| CASTING Summon Small Mammal
  2783 | D:3      | 2783 ||| CASTING Summon Small Mammal
  2785 | D:3      | HP: 4/29 [gnoll/+0 flail (6)]
  2787 | D:3      | Slain by a gnoll

Levels and vault maps discovered:
D:1:      dpeg_arrival_castle, layout_basic
D:2:      layout_rooms, serial_shops, shop_statue, basic_altar,
          serial_bayou_pond_d
D:3:      layout_basic, chequers_ecumenical_altar_grove, lemuel_another_geyser

Skill      XL: |  1  2  3 |
---------------+----------+-----
Axes           | 1 2 |  2.0
Fighting       | 1 |  1.8
Dodging        | |  1.7
Stealth        | |  2.1
Spellcasting   | |  1.7
Summonings     | |  3.6

Action                   || total
-------------------------++-------
Melee: Unarmed           ||    10
       Hand axe          ||    74
       Dagger            ||     3
 Cast: Summon Small Mamm ||    67
  Use: Scroll            ||     5
       Potion            ||     1
Armor: Robe              ||     4
       Leather armour    ||    16
Dodge: Dodged            ||    73

Table legend:
 A = Non-vault XP
 B = Vault XP
 C = Vault XP percentage of total XP
 D = Non-vault monster count
 E = Vault monster count
 F = Vault count percentage of total count
                 A         B        C        D         E       F
            +---------+---------+-------+---------+---------+-------
      Total |      54 |       0 |   0.0 |      28 |       0 |   0.0
            +---------+---------+-------+---------+---------+-------
        D:1 |      11 |       0 |   0.0 |       7 |       0 |   0.0
        D:2 |      11 |       0 |   0.0 |       8 |       0 |   0.0
        D:3 |      32 |       0 |   0.0 |      13 |       0 |   0.0
            +---------+---------+-------+---------+---------+-------
